 Dungeon Crawl Stone Soup version 0.25-a0-942-g87a53962fc (webtiles) character file.

Game seed: 12941146822641030997, levelgen mode: classic

11 Amnesiac the Magician (level 2, 0/15 HPs)
             Began as a Deep Elf Wizard on May 7, 2020.
             Slain by an orc
             ... wielding a +0 dagger of speed
              (5 damage)
             ... on level 2 of the Dungeon.
             The game lasted 00:01:30 (192 turns).

Amnesiac the Magician (Deep Elf Wizard)              Turns: 192, Time: 00:01:31

Health: 0/15       AC:  2    Str:  4    XL:     2   Next: 17%
Magic:  0/9        EV: 13    Int: 22    God:
Gold:   0          SH:  0    Dex: 13    Spells: 9/10 levels left

rFire    . . .     SeeInvis .   a - +2 dagger (elec)
rCold    . . .     Gourm    .   (no shield)
rNeg     . . .     Faith    .   h - +0 robe
rPois    .         Spirit   .   b - +0 hat
rElec    .         Reflect  .   (no cloak)
rCorr    .         Harm     .   (no gloves)
MR       .....                  (no boots)
Stlth    ++........             (no amulet)
HPRegen  0.05/turn              (no ring)
MPRegen  0.11/turn              (no ring)

@: no status effects
A: no striking features
a: no special abilities


You were on level 2 of the Dungeon.
You were not hungry.

You visited 1 branch of the dungeon, and saw 2 of its levels.

Inventory:

Hand Weapons
 a - a +2 dagger of electrocution (weapon)
Armour
 b - a +0 hat (worn)
 h - a +0 robe (worn)
Scrolls
 g - a scroll of amnesia {!r, unknown}
Potions
 e - a potion of lignification {!q, unknown}
 f - a potion of heal wounds {!q, unknown}
Comestibles
 c - a chunk of flesh
 d - a ration


   Skills:
 - Level 2.4 Dodging
 - Level 2.4 Stealth
 - Level 4.5 Spellcasting
 * Level 2.4 Conjurations
   Level 1.1 Summonings
   Level 1.1 Translocations


You had 9 spell levels left.
You knew the following spells:

 Your Spells              Type           Power        Failure   Level  Hunger
a - Magic Dart            Conj           ###.         4%          1    None

Your spell library contained the following spells:

 Spells                   Type           Power        Failure   Level  Hunger
 Blink                    Tloc           N/A          11%         2    #......
 Call Imp                 Summ           #.......     11%         2    #......
 Slow                     Hex            #.......     16%         2    #......
 Conjure Flame            Conj/Fire      ##......     19%         3    ##.....
 Mephitic Cloud           Conj/Pois/Air  #.......     22%         3    ##.....


Dungeon Overview and Level Annotations

Branches:
Dungeon (2/15)

Altars:


Message History

The hobgoblin is heavily wounded.
The hobgoblin throws a stone.
The stone barely misses you.
The hobgoblin throws a stone.
The stone hits you.
You see here a stone.
Casting: Magic Dart (safe; 4% risk of failure)
Confirm with . or Enter, or press ? or * to list all spells.
Aiming: Magic Dart (safe; 4% risk of failure)
Press: ? - help, Shift-Dir - straight line, f/p - hobgoblin
Aim: a hobgoblin, wielding a +0 club and quivering 28 stones (heavily wounded)
The magic dart hits the hobgoblin but does no damage.
The hobgoblin is heavily wounded.
The hobgoblin hits you with a +0 club.
* * * LOW HITPOINT WARNING * * *
Casting: Magic Dart (safe; 4% risk of failure)
Confirm with . or Enter, or press ? or * to list all spells.
Aiming: Magic Dart (safe; 4% risk of failure)
Press: ? - help, Shift-Dir - straight line, f/p - hobgoblin
Aim: a hobgoblin, wielding a +0 club and quivering 28 stones (heavily wounded)
The magic dart hits the hobgoblin.
You kill the hobgoblin!
No target in view!
Casting: Magic Dart (safe; 4% risk of failure)
Confirm with . or Enter, or press ? or * to list all spells.
You don't have enough magic to cast that spell.
Casting: Magic Dart (safe; 4% risk of failure)
Confirm with . or Enter, or press ? or * to list all spells.
You don't have enough magic to cast that spell.
No target in view!
Casting: Magic Dart (safe; 4% risk of failure)
Confirm with . or Enter, or press ? or * to list all spells.
You don't have enough magic to cast that spell.
An orc comes into view. It is wielding a +0 dagger of speed.
An orc is nearby!
Casting: Magic Dart (safe; 4% risk of failure)
Confirm with . or Enter, or press ? or * to list all spells.
You don't have enough magic to cast that spell.
Casting: Magic Dart (safe; 4% risk of failure)
Confirm with . or Enter, or press ? or * to list all spells.
Aiming: Magic Dart (safe; 4% risk of failure)
Press: ? - help, Shift-Dir - straight line, f - orc
Aim: an orc, wielding a +0 dagger of speed and wearing a +0 leather armour The magic dart hits the orc but does no damage.
Casting: Magic Dart (safe; 4% risk of failure)
Confirm with . or Enter, or press ? or * to list all spells.
You don't have enough magic to cast that spell.
The orc barely misses you.
Casting: Magic Dart (safe; 4% risk of failure)
Confirm with . or Enter, or press ? or * to list all spells.
You don't have enough magic to cast that spell.
You closely miss the orc.
The orc hits you with a +0 dagger of speed.
* * * LOW HITPOINT WARNING * * *
Casting: Magic Dart (safe; 4% risk of failure)
Confirm with . or Enter, or press ? or * to list all spells.
You don't have enough magic to cast that spell.
You hit the orc but do no damage.
The orc hits you with a +0 dagger of speed.
* * * LOW HITPOINT WARNING * * *
Casting: Magic Dart (safe; 4% risk of failure)
Confirm with . or Enter, or press ? or * to list all spells.
You don't have enough magic to cast that spell.
You hit the orc but do no damage.
The orc hits you with a +0 dagger of speed.
You die...

.### ..# #.###
#...
##..########
#...<......# #
#...######.. o.
#.o.# . #.
#.@.#######....
#.g
#...)........#
..
##.(##########
#####.####..#
........))..#
###.........#
##.......##
##.....##
#######


You could see an orc.

Vanquished Creatures
  A dart slug (D:1)
  An orc (D:2)
  A giant cockroach (D:1)
  2 goblins
  2 hobgoblins (D:2)
7 creatures vanquished.

Notes
Turn   | Place    | Note
-------+----------+-------------------------------------------
     0 | D:1      | Amnesiac the Deep Elf Wizard began the quest for the Orb.
     0 | D:1      | Reached XP level 1. HP: 10/10 MP: 7/7
   171 | D:2      | Reached XP level 2. HP: 15/15 MP: 4/9
   192 | D:2      | Slain by an orc

Levels and vault maps discovered:
D:1:      shiori_shiawase, layout_loops_ring, minmay_misc_feat_diagonals,
          st_stairs_4
D:2:      layout_rooms, nicolae_dithmenos_shadow_blocks, marbit_many_paths,
          guppyfry_early_orc_mine

Skill      XL: |  1 |
---------------+----+-----
Conjurations   | 2 |  2.4
Dodging        | |  2.4
Stealth        | |  2.4
Spellcasting   | |  4.5
Summonings     | |  1.1
Translocations | |  1.1

Action                   || total
-------------------------++-------
Melee: Dagger            ||     3
 Cast: Magic Dart        ||    22
Dodge: Dodged            ||     7

Table legend:
 A = Non-vault XP
 B = Vault XP
 C = Vault XP percentage of total XP
 D = Non-vault monster count
 E = Vault monster count
 F = Vault count percentage of total count
                 A         B        C        D         E       F
            +---------+---------+-------+---------+---------+-------
      Total |       4 |      13 |  76.5 |       1 |       6 |  85.7
            +---------+---------+-------+---------+---------+-------
        D:1 |       4 |       4 |  50.0 |       1 |       2 |  66.7
        D:2 |       0 |       9 | 100.0 |       0 |       4 | 100.0
            +---------+---------+-------+---------+---------+-------
